 Dungeon Crawl Stone Soup version 0.19-a0-1899-g2d93087 (webtiles) character file.

1067 beholder the Covert (level 8, -4/41 HPs)
             Began as a Kobold Enchanter on Oct 19, 2016.
             Slain by a porcupine (15 damage)
             ... on level 8 of the Dungeon.
             The game lasted 00:21:20 (3809 turns).

beholder the Covert (Kobold Enchanter)              Turns: 3809, Time: 00:21:21

Health: -4/41      AC:  3    Str:  6    XL:     8   Next: 53%
Magic:  1/11       EV: 15    Int: 18    God:
Gold:   165        SH:  3    Dex: 15    Spells: 4 memorised, 2 levels left

rFire  . . .     SeeInvis .     k - +0 dagger (venom)
rCold  . . .     Gourm    .     b - +1 robe
rNeg   . . .     Faith    .     (shield restricted)
rPois  .         Spirit   .     (no helmet)
rElec  .         Reflect  +     (no cloak)
rCorr  .         Harm     .     (no gloves)
MR     .....                    (no boots)
Stlth  ++++......               j - +3 amulet of reflection
                                (no ring)
                                i - +2 ring of slaying

@: no status effects
A: carnivore 3
a: no special abilities


You were on level 8 of the Dungeon.
You were very full.

You visited 1 branch of the dungeon, and saw 6 of its levels.

You collected 165 gold pieces.

Inventory:

Hand Weapons
 k - a +0 dagger of venom (weapon)
 q - a +1 dagger of freezing
 y - a +0 rapier
Missiles
 e - 30 poisoned needles
Armour
 b - a +1 robe (worn)
Jewellery
 i - a +2 ring of slaying (left hand)
 j - a +3 amulet of reflection (around neck)
Scrolls
 a - a scroll of immolation {unknown}
 n - a scroll of magic mapping {unknown}
 o - 4 scrolls of remove curse {unknown}
 r - a scroll of enchant weapon {unknown}
 s - 4 scrolls of amnesia {unknown}
 v - a scroll of identify {unknown}
 w - a scroll of random uselessness {unknown}
Potions
 f - 3 potions of heal wounds {unknown}
 g - 5 potions of curing {unknown}
 h - a potion of magic {unknown}
 l - a potion of brilliance {unknown}
 m - 2 potions of lignification {unknown}
 t - 2 potions of might {unknown}
 u - a potion of degeneration {unknown}
Books
 c - a book of Maledictions

   Spells                             Type                      Level
   a - Corona                         Hexes                        1
   b - Ensorcelled Hibernation        Hexes/Ice                    2
   c - Confuse                        Hexes                        3
   d - Tukima's Dance                 Hexes                        3
   e - Dazzling Spray                 Conjuration/Hexes            3
Comestibles
 d - 5 meat rations
 p - a beef jerky
 x - a chunk of flesh


   Skills:
 - Level 1.3 Short Blades
 - Level 2.4 Dodging
 + Level 10.2 Stealth
 - Level 2.1 Spellcasting
 + Level 7.3 Hexes


You had 2 spell levels left.
You knew the following spells:

 Your Spells              Type           Power        Failure   Level  Hunger
a - Ensorcelled Hibernat  Hex/Ice        ###...       8%          2    ###....
b - Corona                Hex            ####...      1%          1    #......
c - Confuse               Hex            ####....     2%          3    ###....
d - Tukima's Dance        Hex            ####....     2%          3    ###....


Dungeon Overview and Level Annotations

Branches:
Dungeon (5/15)               Lair (0/6) D:8
 Temple: D:4-7

Altars:


Innate Abilities, Weirdness & Mutations

You are small and have problems with some larger weapons.
You are carnivorous and can eat meat at any time.


Message History

Confirm with . or Enter, or press ? or * to list all spells.
Aiming: Ensorcelled Hibernation
Press: ? - help, Shift-Dir - straight line, f - porcupine
Aim: a porcupine (chance to defeat MR: 46%)
The porcupine resists with some effort.
You block the porcupine's attack.
You now have 2/11 mp.
Casting: Ensorcelled Hibernation
Confirm with . or Enter, or press ? or * to list all spells.
Aiming: Ensorcelled Hibernation
Press: ? - help, Shift-Dir - straight line, f/p - porcupine
Aim: a porcupine (chance to defeat MR: 46%)
The porcupine resists with some effort.
The porcupine completely misses you.
You now have 0/11 mp.
The porcupine completely misses you. You block the porcupine's attack.
There is an open door here.
You are struck by the porcupine's spines.
* * * LOW HITPOINT WARNING * * *
You closely miss the porcupine. The porcupine bites you!
You die...

#..........#
#..........#
#..........#
#.............
#<....########
#.####....# #....'....#
#.####....# ###### #.#
##@######## #..... #.#
#..r.r....# #..... #.#
#..l...l..# #.....
#.####....l....####.....
#>.............'...#####
######.........###.##
########### #.l# ##.####
#.l...


You could see 3 iguanas and 2 porcupines.

Vanquished Creatures
  A porcupine (D:8)
  A sky beast (D:8)
  A phantom (D:4)
  An ogre (D:4)
  2 bullfrogs (D:8)
  A scorpion (D:4)
  A howler monkey (D:5)
  A crimson imp (D:8)
  A hound (D:4)
  3 orc wizards
  2 iguanas (D:8)
  2 worker ants (D:4)
  A worker ant zombie (D:8)
  A gnoll (D:1)
  8 adders
  An ooze (D:2)
  An adder zombie (D:5)
  2 adder skeletons
  2 worms
  4 dart slugs
  2 leopard geckos
  8 orcs
  4 bats
  4 giant cockroaches
  5 goblins
  9 jackals
  3 quokkas
  2 ball pythons
  A ball python skeleton (D:5)
  4 frilled lizards
  3 kobolds
  5 rats
87 creatures vanquished.

Vanquished Creatures (others)
  A water moccasin skeleton (D:8)
1 creature vanquished.

Grand Total: 88 creatures vanquished

Notes
Turn   | Place    | Note
-------+----------+-------------------------------------------
     0 | D:1      | beholder the Kobold Enchanter began the quest for the Orb.
     0 | D:1      | Reached XP level 1. HP: 10/10 MP: 3/3
   204 | D:1      | Reached XP level 2. HP: 15/15 MP: 5/5
   208 | D:1      | Learned a level 2 spell: Ensorcelled Hibernation
   526 | D:2      | Reached XP level 3. HP: 19/19 MP: 6/6
   531 | D:2      | Learned a level 3 spell: Confuse
   715 | D:2      | Reached skill level 5 in Stealth
   780 | D:2      | Reached XP level 4. HP: 24/24 MP: 4/7
  1657 | D:3      | Reached XP level 5. HP: 28/28 MP: 8/8
  2010 | D:4      | Reached skill level 6 in Stealth
  2116 | D:4      | Noticed a phantom
  2251 | D:4      | Killed a phantom
  2251 | D:4      | Reached skill level 7 in Stealth
  2251 | D:4      | Reached skill level 5 in Hexes
  2251 | D:4      | Reached XP level 6. HP: 12/32 MP: 0/9
  2451 | D:4      | Learned a level 3 spell: Tukima's Dance
  2461 | D:4      | Noticed an ogre
  2468 | D:4      | Killed an ogre
  2681 | D:4      | Reached XP level 7. HP: 13/36 MP: 2/10
  2879 | D:4      | Reached skill level 8 in Stealth
  3064 | D:5      | Entered Level 5 of the Dungeon
  3611 | D:5      | You fall through a shaft for 3 floors!
  3618 | D:8      | Reached skill level 9 in Stealth
  3632 | D:8      | Reached XP level 8. HP: 34/41 MP: 3/11
  3736 | D:8      | Found a staircase to the Lair.
  3759 | D:8      | Reached skill level 10 in Stealth
  3809 | D:8      | Slain by a porcupine

Vault maps used:
D:1:      dpeg_arrival_short_road
D:3:      kennysheep_big_flooded_room
D:4:      first_bread, kennysheep_generic_room_14
D:5:      zin_scriptorium, serial_shops, shop
D:8:      chequers_temple_overflow_minitemple, minmay_lair_entry_grove

Skill      XL: |  1  2  3  4  5  6  7  8 |
---------------+-------------------------+-----
Stealth        | 5 7 9 10 | 10.2
Hexes          | 4 5 6 7 |  7.3
Short Blades   | |  1.3
Dodging        | |  2.4
Spellcasting   | |  2.1

Action                   |  1- 3 |  4- 6 |  7- 9 || total
-------------------------+-------+-------+-------++-------
Melee: Dagger            |    47 |   102 |    95 ||   244
 Cast: Corona            |     2 |       |       ||     2
       Ensorcelled Hiber |     4 |    17 |    23 ||    44
       Confuse           |       |     9 |     6 ||    15
       Tukima's Dance    |       |       |     2 ||     2
 Stab: Sleeping          |     8 |    16 |    19 ||    43
       Confused          |       |     4 |     2 ||     6
       Distracted        |       |       |     1 ||     1
  Eat: Chunk             |     8 |     7 |     7 ||    22
Armor: Robe              |     9 |    11 |    19 ||    39
Dodge: Dodged            |    18 |    50 |    65 ||   133
Block: Other             |     5 |     9 |    18 ||    32
